Map: Automaton LE

Players

StoicLoofah

  • Race: Terran Terran
  • Spawn Location: 9:00

A.I. 1 (Very Easy) - Winner!

  • Race: Terran Terran
  • Spawn Location: 3:00

VOD

Have the link to the VOD?

Description

Time

  • Played on: Nov. 22, 2018, 12:15 a.m.
  • Length: 7:30
Show
View Real Time Build Order
Export as new Build Order

StoicLoofah Terran 

Build Orders: Reaper Expand 

Get SALT Encoding   

  12  0:01  SCV  
  13  0:13  SCV  
  14  0:22  Supply Depot  
  14  0:25  SCV  
  15  0:43  SCV  
  15  0:44  Barracks  
  15  0:48  Refinery  
  16  0:55  SCV  
  17  1:08  SCV  
  18  1:21  SCV  
  19  1:33  Reaper  
  19  1:34  Orbital Command  
  20  1:45  Command Center  
  20  1:59  SCV  
  21  2:06  Supply Depot  
  21  2:12  Factory  
  21  2:15  Marine  
  21  2:19  SCV  
  23  2:40  SCV  
  24  2:51  Barracks Tech Lab  
  24  2:52  SCV  
  24  2:54  Refinery  
  25  3:04  Orbital Command  
  25  3:09  Refinery  
  25  3:10  SCV  
  25  3:11  Refinery  
  26  3:25  Starport  
  26  3:31  SCV x2  
  28  3:43  SCV  
  28  3:44  SCV  
  30  3:59  Mag-Field Accelerator  
  30  4:06  Starport Tech Lab  
  30  4:15  Cyclone  
  33  4:32  Marine  
  33  4:34  SCV x2  
  36  4:45  Rapid Reignition System  
  36  4:56  SCV x2  
  36  4:57  Engineering Bay  
  38  5:07  Liberator  
  38  5:17  SCV x2  
  40  5:23  Marine  
  40  5:27  Supply Depot  
  44  5:43  Cyclone  
  44  5:45  Neosteel Armor  
  43  5:56  SCV x2  
  45  6:02  Supply Depot  
  43  6:12  Barracks Tech Lab  
  43  6:15  SCV x2  
  45  6:25  Supply Depot  
  45  6:46  Armory  
  45  6:50  SCV x2  
Show
View Real Time Build Order
Export as new Build Order

A.I. 1 (Very Easy) Terran - Winner!

Build Orders: Reaper Expand 

Get SALT Encoding   

  12  0:00  SCV  
  13  0:13  SCV  
  14  0:19  Supply Depot  
  14  0:42  Barracks  
  14  1:06  Command Center  
  14  1:29  Orbital Command  
  14  1:30  Marine  
  15  1:33  Supply Depot  
  15  1:40  Refinery  
  15  1:52  Refinery  
  15  1:55  SCV  
  16  2:07  SCV  
  17  2:19  SCV  
  17  2:20  Reaper  
  17  2:21  SCV  
  20  2:31  SCV  
  20  2:35  SCV  
  22  2:43  SCV  
  23  2:49  SCV  
  24  2:57  SCV  
  25  3:01  Marine  
  25  3:04  SCV  
  27  3:11  SCV, Refinery  
  28  3:18  SCV  
  28  3:19  Factory  
  29  3:42  Marine  
  29  3:44  Refinery  
  29  3:45  SCV  
  31  3:52  SCV  
  32  3:57  Supply Depot  
  32  3:59  SCV  
  33  4:06  SCV  
  33  4:08  Starport  
  34  4:13  SCV  
  35  4:21  SCV  
  36  4:24  Reaper  
  36  4:28  SCV  
  38  4:35  SCV  
  39  4:38  Supply Depot  
  39  4:42  SCV  
  40  4:45  Starport Tech Lab  
  40  4:49  SCV  
  41  4:56  SCV  
  41  4:57  Barracks Tech Lab  
  42  5:03  SCV  
  42  5:04  Raven  
  45  5:11  SCV  
  46  5:15  Marine  
  46  5:18  SCV  
  48  5:38  SCV  
  45  5:46  SCV  
  45  5:47  Raven  
  47  5:53  SCV  
  47  5:56  Marine  
  46  6:00  SCV  
  46  6:07  SCV  
  47  6:15  SCV  
  48  6:22  SCV  
  49  6:29  SCV  
  50  6:38  Marauder  
Tags
 
Add a new tag
Caveats
  • Supply blocks, unpowered buildings, or Contaminate may cause inaccurate times.
  • Supply counts are checked every 10 seconds.